 Dungeon Crawl Stone Soup version 0.27.0-1-g7a089689b8 (webtiles) character file.

Game seed: 16100629137596014314

1032 MrDassem the Cleaver (level 8, -20/73 HPs)
             Began as a Minotaur Fighter on Aug 14, 2021.
             Was a Follower of Okawaru.
             Demolished by a two-headed ogre (22 damage)
             ... on level 6 of the Dungeon.
             The game lasted 00:08:00 (4607 turns).

MrDassem the Cleaver (Minotaur Fighter)             Turns: 4607, Time: 00:08:01

Health: -20/73     AC: 14    Str: 23    XL:     8   Next: 3%
Magic:  5/7        EV:  8    Int:  5    God:    Okawaru [*.....]
Gold:   217        SH: 11    Dex: 10    Spells: 7/7 levels left

rFire    . . .     SeeInvis .   a - +0 war axe
rCold    . . .     Faith    .   c - +0 kite shield
rNeg     . . .     Spirit   .   n - +0 chain mail
rPois    +         Reflect  .   (helmet restricted)
rElec    .         Harm     .   b - +1 cloak
rCorr    .         Rampage  .   f - +0 pair of gloves
Will     .....                  (no boots)
Stlth    ..........             (no amulet)
HPRegen  0.22/turn              i - ring of poison resistance
MPRegen  0.10/turn              (no ring)

@: heroic
A: horns 2, retaliatory headbutt
a: Renounce Religion, Heroism


You were on level 6 of the Dungeon.
You worshipped Okawaru.
Okawaru was aware of your devotion.
You visited 2 branches of the dungeon, and saw 7 of its levels.

You collected 217 gold pieces.

Inventory:

Hand Weapons
 a - a +0 war axe (weapon)
Armour
 b - a +1 cloak (worn)
 c - a +0 kite shield (worn)
 f - a +0 pair of gloves (worn)
 n - a +0 chain mail (worn)
Jewellery
 i - a ring of poison resistance (left hand)
Wands
 r - a wand of iceblast (4)
Scrolls
 e - a scroll of identify {unknown}
 h - a scroll of magic mapping {unknown}
 j - 2 scrolls of fog {unknown}
 k - a scroll of immolation {unknown}
 l - a scroll of silence {unknown}
 m - a scroll of acquirement {unknown}
 o - 2 scrolls of torment {unknown}
 p - a scroll of enchant weapon {unknown}
 s - a scroll of fear {unknown}
 t - a scroll of blinking {unknown}
 u - a scroll of amnesia {unknown}
Potions
 d - a potion of might
 g - a potion of ambrosia {unknown}
 q - 2 potions of attraction {unknown}


   Skills:
 + Level 7.3(12.3) Fighting
 * Level 9.4(14.4) Axes
 - Level 3.6(8.6) Armour
 - Level 3.6(8.6) Shields


You had 7 spell levels left.
You didn't know any spells.
Your spell library contained the following spells:

 Spells                   Type           Power      Damage    Failure   Level
 Ozocubu's Armour         Ice            0%         N/A       100%        3
 Metabolic Englaciation   Hex/Ice        0%         N/A       100%        5
 Simulacrum               Ice/Necr       0%         N/A       100%        6


Dungeon Overview and Level Annotations

Branches:
Dungeon (6/15)             Temple (1/1) D:5

Altars:
Ashenzari
Cheibriados
Dithmenos
Elyvilon
Fedhas
Gozag
Hepliaklqana
Kikubaaqudgha
Makhleb
Nemelex Xobeh
Okawaru
Ru
Sif Muna
Trog
Uskayaw
Vehumet
Xom
Yredelemnul
Zin
The Shining One

Shops:
D:2 ?


Innate Abilities, Weirdness & Mutations

You have a pair of horns on your head.
You reflexively headbutt those who attack you in melee.


Message History

You swing at nothing.
You swing at nothing.
You gain the combat prowess of a mighty hero.
The two-headed ogre barely misses you.
The two-headed ogre hits you with a +0 giant club!
You slash the two-headed ogre!
The two-headed ogre is moderately wounded.
Your chain mail prevents you from hitting the two-headed ogre.
The two-headed ogre is moderately wounded.
You block the two-headed ogre's attack.
The two-headed ogre hits you with a +0 giant club.
You slash the two-headed ogre!
You headbutt the two-headed ogre, but do no damage.
The two-headed ogre is heavily wounded.
The two-headed ogre hits you with a +0 giant club.
You block the two-headed ogre's attack.
You barely miss the two-headed ogre.
The two-headed ogre is heavily wounded.
The two-headed ogre hits you with a +0 giant club!!
The two-headed ogre hits you with a +0 giant club!
* * * LOW HITPOINT WARNING * * *
You hit the two-headed ogre.
The two-headed ogre is heavily wounded.
You slash the two-headed ogre!
You headbutt the two-headed ogre, but do no damage.
The two-headed ogre is severely wounded.
You block the two-headed ogre's attack.
The two-headed ogre hits you with a +0 giant club!
* * * LOW HITPOINT WARNING * * *
You hit the two-headed ogre.
You headbutt the two-headed ogre, but do no damage.
The two-headed ogre is severely wounded.
The two-headed ogre completely misses you.
The two-headed ogre barely misses you.
You hit the two-headed ogre.
The two-headed ogre is severely wounded.
You slash the two-headed ogre!
The two-headed ogre is almost dead.
The two-headed ogre hits you with a +0 giant club!!
You die...

..#### ....# ....#
....#.... .# #..# #..# .#
############..###..###.##
#.....#........#........#
+...<.'...@O...#........+
####..##..##...##.......#
#########...##.......#
#............+
#...##..###..# #...##.$#
# #....+..# #....#..#
######..#


You could see a two-headed ogre.

Vanquished Creatures
  A wyvern (D:5)
  A water moccasin (D:6)
  A sky beast (D:6)
  A black bear (D:3)
  An ogre (D:5)
  2 centaurs (D:5)
  A phantom (D:4)
  A scorpion (D:4)
  A howler monkey (D:5)
  3 hounds
  An adder (D:3)
  An ufetubus (D:5)
  An adder skeleton (D:4)
  2 worms
  A dart slug (D:5)
  12 orcs
  6 ball pythons
  3 endoplasms
  6 giant cockroaches
  3 goblins
  7 hobgoblins
  5 jackals
  3 kobolds
  3 quokkas
  10 bats
  4 frilled lizards
  5 rats
86 creatures vanquished.

Notes
Turn   | Place    | Note
-------+----------+-------------------------------------------
     0 | D:1      | MrDassem the Minotaur Fighter began the quest for the Orb.
     0 | D:1      | Reached XP level 1. HP: 19/19 MP: 0/0
   147 | D:1      | Reached skill level 3 in Axes
   156 | D:1      | Reached XP level 2. HP: 25/27 MP: 1/1
   470 | D:1      | Found a faded altar of an unknown god.
   642 | D:1      | Reached XP level 3. HP: 30/33 MP: 2/2
   743 | D:2      | Found Vuicall's Magic Scroll Emporium.
   953 | D:2      | Reached skill level 4 in Axes
  1385 | D:3      | Noticed a black bear
  1393 | D:3      | Killed a black bear
  1394 | D:3      | Reached skill level 5 in Axes
  1394 | D:3      | Reached XP level 4. HP: 21/41 MP: 3/3
  1394 | D:3      | Reached XP level 5. HP: 24/47 MP: 4/4
  1575 | D:3      | Reached skill level 5 in Fighting
  2315 | D:4      | Reached skill level 6 in Axes
  2660 | D:4      | Noticed a phantom
  2673 | D:4      | Killed a phantom
  2674 | D:4      | Reached XP level 6. HP: 37/56 MP: 5/5
  3401 | D:5      | Entered Level 5 of the Dungeon
  3449 | D:5      | Found a staircase to the Ecumenical Temple.
  3463 | Temple   | Entered the Ecumenical Temple
  3614 | Temple   | Became a worshipper of Warmaster Okawaru
  3669 | D:5      | Reached skill level 7 in Axes
  3808 | D:5      | Reached XP level 7. HP: 48/63 MP: 6/6
  3810 | D:5      | Reached * piety under Okawaru
  3824 | D:5      | HP: 1/63 [centaur (3)]
  3826 | D:5      | Noticed a wyvern
  3827 | D:5      | Reached skill level 8 in Axes
  4179 | D:5      | Killed a wyvern
  4402 | D:6      | Reached skill level 9 in Axes
  4488 | D:6      | Reached XP level 8. HP: 52/73 MP: 7/7
  4584 | D:6      | Noticed a two-headed ogre
  4604 | D:6      | HP: 2/73 [two-headed ogre (15)]
  4607 | D:6      | Demolished by a two-headed ogre

Illustrated notes

Levels and vault maps discovered:
D:1:      lemuel_arrival_river_ford, layout_loops_cross,
          hellmonk_ecumenical_altar_leap_of_faith
D:2:      layout_basic, serial_shops, shop
D:3:      layout_rooms
D:4:      layout_basic
D:5:      layout_rooms, minmay_temple_entry_arrows, lemuel_old_faithful
D:6:      layout_gridville, nicolae_ossuary_entry_false_entrances,
          ebering_ghost_sewer_d
Temple:   regret_index_temple_chain_breaker

Skill      XL: |  1  2  3  4  5  6  7 |
---------------+----------------------+-----
Axes           | 3 5 6 7 9 |  9.4
Fighting       | 4 5 6 7 |  7.3
Armour         | |  3.6
Shields        | |  3.6

Action                   |  1- 3 |  4- 6 |  7- 9 || total
-------------------------+-------+-------+-------++-------
Melee: War axe           |    80 |    97 |    45 ||   222
       Headbutt          |    12 |    15 |     8 ||    35
Invok: Heroism           |       |       |     1 ||     1
Armor: Scale mail        |    45 |     9 |       ||    54
       Chain mail        |       |    46 |    30 ||    76
Dodge: Dodged            |    26 |    29 |    18 ||    73
Block: Kite shield       |    58 |    66 |    27 ||   151
